 Dungeon Crawl Stone Soup version 0.30.0-20-g3b4254fcbd (webtiles) character file.

Game seed: 3973175965210874595

28821 AIAndy the Eclecticist (level 14, -4/102 HPs)
             Began as a Meteoran Earth Elementalist on June 2, 2023.
             Was a High Priest of Vehumet.
             Slain by a troll (5 damage)
             ... on level 2 of the Orcish Mines.
             The game lasted 02:23:40 (7496 turns).

AIAndy the Eclecticist (MeEE)                       Turns: 7496, Time: 02:23:40

Health: -4/102     AC: 10    Str:  9    XL:     14   Next: 12%
Magic:  13/37      EV: 14    Int: 34    God:    Vehumet [*****.]
Gold:   1513       SH:  0    Dex: 16    Spells: 29/50 levels left

rFire   . . .        Z - +9 glaive of the Crawling Thing {heavy, Int+6}
rCold   + . .        (shield currently unavailable)
rNeg    . . .        T - +1 steam dragon scales
rPois   .            z - +0 helmet
rElec   .            B - +0 cloak
rCorr   .            Y - +0 pair of gloves
SInv    .            S - +0 pair of boots {Fly}
Will    +....        y - amulet of regeneration
Stlth   +            r - ring of protection from cold
HPRegen 1.17/turn    a - +6 ring of intelligence
MPRegen 0.25/turn

%: no passive effects
@: flying, glowing
A: sense surroundings 2, otherworldly, glowing, explore regen
a: Renounce Religion


You were on level 2 of the Orcish Mines.
You worshipped Vehumet.
Vehumet was extremely pleased with you.
You visited 3 branches of the dungeon, and saw 14 of its levels.
You also visited: Bailey and Ice Cave.

You collected 1513 gold pieces.

Inventory:

Hand Weapons
 H - the +6 war axe of Dishonesty {protect, rPois rC+++ Int-3 Dex-5}
   (You found it on level 6 of the Dungeon)

   Int:       It affects your intelligence (-3).
   Dex:       It affects your dexterity (-5).
   rC:        It renders you almost immune to cold.
   rPois:     It protects you from poison.
 Q - a +1 demon whip of freezing
 V - a +3 whip of electrocution
 Z - the +9 glaive of the Crawling Thing (weapon) {heavy, Int+6}
   (You found it in a bailey)

   Int:       It affects your intelligence (+6).
Armour
 q - +0 ice dragon scales
 z - a +0 helmet (worn)
 A - the +7 chain mail of Resilience {Rampage rF- rN+ Str+4}
   (You found it on level 4 of the Dungeon)

   Str:       It affects your strength (+4).
   rF:        It makes you vulnerable to fire.
   rN:        It protects you from negative energy.
   Rampage:   It bestows one free step when moving towards enemies.
 B - a +0 cloak (worn)
 C - a +0 robe of cold resistance
 S - a +0 pair of boots of flying (worn)
 T - +1 steam dragon scales (worn)
 X - a +1 ring mail of fire resistance
 Y - a +0 pair of gloves (worn)
Magical Staves
 m - a staff of poison
Jewellery
 a - a +6 ring of intelligence (right hand)
 g - a ring of protection from fire
 o - an amulet of reflection
 r - a ring of protection from cold (left hand)
 y - an amulet of regeneration (around neck)
 E - a ring of fire
 P - a ring of see invisible
 W - an amulet of faith
Wands
 e - a wand of flame (9)
 f - a wand of quicksilver (11)
 I - a wand of iceblast (25)
 K - a wand of paralysis (4)
Scrolls
 j - 2 scrolls of immolation
 l - 2 scrolls of teleportation
 p - 2 scrolls of vulnerability
 u - a scroll of identify
 v - 2 scrolls of fear
 x - a scroll of fog
 G - 2 scrolls of enchant weapon
 L - a scroll of blinking {unknown}
 M - a scroll of enchant armour
 O - 2 scrolls of amnesia
 R - a scroll of butterflies {unknown}
Potions
 b - a potion of magic
 c - a potion of lignification
 d - 4 potions of ambrosia
 h - 6 potions of flight
 i - 5 potions of curing
 k - a potion of berserk rage
 s - a potion of heal wounds {unknown}
 t - a potion of invisibility {unknown}
 w - a potion of attraction {unknown}
 D - a potion of haste
 F - a potion of brilliance {unknown}
 J - a potion of might {unknown}
 N - a potion of cancellation {unknown}
 U - a potion of mutation {unknown}
Miscellaneous
 n - a condenser vane


   Skills:
 + Level 3.3 Fighting
 - Level 0.1 Short Blades
 - Level 0.8 Polearms
 + Level 5.6 Dodging
 - Level 1.4 Stealth
 + Level 18.8 Spellcasting
 + Level 0.8 Conjurations
 - Level 1.2 Transmutations
 + Level 17.5 Earth Magic
 + Level 0.5 Evocations


You had 29 spell levels left.
You knew the following spells:

 Your Spells              Type           Power      Damage    Failure   Level
a - Sandblast             Erth           100%       2d20      0%          1
b - Passwall              Tmut/Erth      64%        N/A       1%          2
c - Stone Arrow           Conj/Erth      100%       3d13      1%          3
d - Petrify               Tmut/Erth      77%        N/A       1%          4
e - Lee's Rapid Deconstr  Erth           50%        3d24*     0%          5
f - Iron Shot             Conj/Erth      38%        9d8       1%          6

Your spell library contained the following spells:

 Spells                   Type           Power      Damage    Failure   Level
 Magic Dart               Conj           100%       1d8       1%          1
 Call Imp                 Summ           64%        N/A       1%          2
 Cigotuvi's Dreadful Rot  Necr/Pois/Air  64%        N/A       1%          2
 Ignite Poison            Fire/Tmut/Pois 34%        N/A       1%          3
 Mephitic Cloud           Conj/Pois/Air  33%        N/A       1%          3
 Volatile Blastmotes      Fire/Tloc      64%        2d15      1%          3
 Fulminant Prism          Conj/Hex       17%        3d10      2%          4
 Iskenderun's Mystic Bla  Conj/Tloc      34%        2d8       2%          4
 Freezing Cloud           Conj/Ice/Air   16%        6-21      7%          5


Dungeon Overview and Level Annotations

Branches:
Dungeon (11/15) Zot: 122   Temple (1/1) D:6 Zot: 567    Lair (0/5) D:9
    Orc (2/2) D:11 Zot: 619     Elf (0/3) Orc:2        Bailey (visited)
  IceCv (visited)

Altars:
Ashenzari
Cheibriados
Dithmenos
Elyvilon
Fedhas
Gozag
Hepliaklqana
Kikubaaqudgha
Makhleb
Nemelex Xobeh
Okawaru
Qazlal
Ru
Sif Muna
Trog
Uskayaw
Vehumet
Wu Jian
Xom
Yredelemnul
The Shining One

Shops:
Orc:2 ((

Annotations:
D:4 3 runed translucent doors, Calamarain's ghost, novice HuMo
Temple 2 transporters
Orc:2 Saint Roka


Innate Abilities, Weirdness & Mutations

You passively map the area around you.
You are easily found by Zot.
You glow in the dark.
You regain HP and MP as you explore.


Message History

Casting: Sandblast (safe; 0% risk of failure)
Confirm with . or Enter, or press ? or * to list all spells.
Aiming: Lee's Rapid Deconstruction (safe; 0% risk of failure)
Press: ? - help, Dir - move target A rock wall.
The wall shatters!
The blast of rock fragments hits the troll!!
The troll is heavily wounded.
The blast of rock fragments hits the troll!!
You kill the troll!
Vehumet accepts your kill.
You feel your power returning.
The troll leather armour is intact enough to wear.
The blast of rock fragments hits the orc!!
You kill the orc!
Vehumet accepts your kill.
You feel your power returning.
You hear a shout!
The ogre mage gestures wildly while chanting.
The ogre mage flickers and vanishes!
Deactivating autopickup; reactivate with Ctrl-A.
You hear a shout!
Casting: Lee's Rapid Deconstruction (safe; 0% risk of failure)
Confirm with . or Enter, or press ? or * to list all spells.
Aiming: Lee's Rapid Deconstruction (safe; 0% risk of failure)
Press: ? - help, Dir - move target A rock wall.
The wall shatters!
Vehumet accepts your kill.
You feel your power returning.
You feel a bit more experienced.
The blast of rock fragments hits the troll!
The troll is almost dead.
The blast of rock fragments hits the orc warrior!
The orc warrior is moderately wounded.
The troll bites you.
* * * LOW HITPOINT WARNING * * *
The troll claws you!
* * * LOW HITPOINT WARNING * * *
The troll claws you.
You die...

#.....ooo#...# #.. .#..##.
#....o.)#..#* #........o.#
#......o..# ...#........
#.....T.)#####...........
##.#...O).##.##.........o
##...##))...............
#...####oo.{............
##.####T...#............
#### #.@..#.............
##.######.##..............
##...#.##..))).............
#...#......##.)............
#...##.....##..............
##..##....##...............
#.....#.#...............>..
##.........................
#.........................


You could see a troll and 2 orc warriors.

Vanquished Creatures
  A reaper (IceCv)
  A centaur warrior (D:11)
  10 two-headed ogres
  The ghost of Graphine the Covert, a novice MfBr of Dithmenos (D:6)
  A deep troll (Orc:2)
  An orc knight (D:11)
  2 orc sorcerers
  An ugly thing (D:11)
  A manticore (D:11)
  A cyclops (Orc:2)
  2 ice statues (IceCv)
  2 unseen horrors (D:11)
  A kobold demonologist (D:11)
  2 anaconda simulacra (IceCv)
  A komodo dragon (D:11)
  8 ice devils (IceCv)
  8 trolls
  2 hornets
  A vampire (D:11)
  3 shadows (D:10)
  A wraith (D:11)
  11 yaks
  2 wyverns
  2 steam dragons (D:8)
  Menkaure (D:7)
  2 death yak simulacra
  4 wargs
  A harpy simulacrum (IceCv)
  Duvessa (D:6)
  20 orc warriors
  3 sky beasts
  2 ice beasts
  A black bear (D:5)
  4 centaurs
  23 ogres
  3 phantoms
  A kobold brigand (D:9)
  3 bullfrogs
  A gnoll sergeant (D:10)
  6 two-headed ogre simulacra
  A cane toad simulacrum (Orc:1)
  2 scorpions
  9 wights
  Dowan (D:6)
  6 killer bees (D:9)
  An elephant simulacrum (IceCv)
  4 hounds
  10 orc priests
  2 jellies (D:6)
  3 iguanas
  16 orc wizards
  4 sleepcaps
  2 spriggan simulacra (IceCv)
  6 troll simulacra
  2 polar bear simulacra (IceCv)
  2 wolf simulacra
  9 gnolls
  6 adders
  4 naga simulacra (IceCv)
  6 white imps
  An ufetubus (IceCv)
  A worm (D:2)
  A dart slug (D:4)
  76 orcs
  4 bats
  5 endoplasms
  17 goblins
  11 hobgoblins
  6 jackals
  3 quokkas
  5 ball pythons
  2 frilled lizards
  22 kobolds
  4 rats
396 creatures vanquished.

Notes
Turn   | Place    | Note
-------+----------+-------------------------------------------
     0 | D:1      | AIAndy the Meteoran Earth Elementalist began the quest for
                  | the Orb.
     0 | D:1      | Reached XP level 1. HP: 14/14 MP: 5/5
    73 | D:1      | Reached XP level 2. HP: 19/20 MP: 4/6
    74 | D:1      | Reached skill level 3 in Spellcasting
   134 | D:1      | Learned a level 2 spell: Passwall
   185 | D:1      | Reached XP level 3. HP: 26/26 MP: 5/8
   483 | D:1      | Glimpsed the power of Zot.
   575 | D:2      | Learned a level 3 spell: Stone Arrow
   629 | D:2      | Reached XP level 4. HP: 31/33 MP: 6/10
   642 | D:2      | Reached skill level 4 in Spellcasting
   649 | D:2      | Found a glowing golden altar of the Shining One.
  1075 | D:2      | Glimpsed the power of Zot.
  1149 | D:3      | Learned a level 4 spell: Petrify
  1238 | D:3      | Reached skill level 1 in Fighting
  1238 | D:3      | Reached XP level 5. HP: 24/40 MP: 6/12
  1267 | D:3      | Reached skill level 5 in Earth Magic
  1664 | D:3      | Glimpsed the power of Zot.
  1790 | D:4      | Found a runed translucent gate.
  1790 | D:4      | Found a runed translucent gate.
  1791 | D:4      | Found a runed translucent gate.
  1796 | D:4      | Noticed Calamarain's ghost (novice HuMo)
  1801 | D:4      | Identified the +7 chain mail of Resilience {Rampage rF- rN+
                  | Str+4}
  2261 | D:4      | Glimpsed the power of Zot.
  2287 | D:5      | Entered Level 5 of the Dungeon
  2332 | D:5      | Reached skill level 5 in Spellcasting
  2348 | D:5      | Noticed an ogre
  2353 | D:5      | Killed an ogre
  2354 | D:5      | Reached XP level 6. HP: 42/47 MP: 11/15
  2357 | D:5      | Noticed an ogre
  2360 | D:5      | Killed an ogre
  2361 | D:5      | Reached skill level 6 in Spellcasting
  2361 | D:5      | Reached XP level 7. HP: 51/52 MP: 11/17
  2433 | D:5      | Identified the +6 mace of Guurr {speed, Str+2 Int+2}
  2571 | D:5      | Reached skill level 7 in Spellcasting
  2692 | D:5      | Reached XP level 8. HP: 61/61 MP: 16/19
  2845 | D:5      | Glimpsed the power of Zot.
  2908 | D:6      | Found a basalt altar of Yredelemnul.
  2913 | D:6      | Reached skill level 8 in Spellcasting
  2988 | D:6      | Reached skill level 9 in Spellcasting
  2988 | D:6      | Gained mutation: You passively map the area around you.
                  | [Meteoran growth]
  2988 | D:6      | Reached XP level 9. HP: 45/67 MP: 16/23
  3032 | D:6      | Found a large runed translucent door.
  3032 | D:6      | Found a large runed translucent door.
  3040 | D:6      | Noticed Graphine's ghost (novice MfBr)
  3050 | D:6      | Killed Graphine's ghost
  3051 | D:6      | Reached skill level 10 in Spellcasting
  3055 | D:6      | Identified the +6 war axe of Dishonesty {protect, rPois
                  | rC+++ Int-3 Dex-5}
  3183 | D:6      | Found a staircase to the Ecumenical Temple.
  3190 | Temple   | Entered the Ecumenical Temple
  3190 | Temple   | Found a transporter.
  3190 | Temple   | Found a transporter.
  3194 | Temple   | Found a transporter.
  3194 | Temple   | Found a transporter.
  3207 | Temple   | Became a worshipper of Vehumet
  3345 | D:6      | Reached skill level 11 in Spellcasting
  3345 | D:6      | Reached skill level 10 in Earth Magic
  3426 | D:6      | Noticed Duvessa
  3428 | D:6      | Noticed Dowan
  3432 | D:6      | Killed Duvessa
  3433 | D:6      | Reached XP level 10. HP: 73/73 MP: 22/26
  3435 | D:6      | Killed Dowan
  3450 | D:6      | Glimpsed the power of Zot.
  3496 | D:7      | Noticed Menkaure
  3499 | D:7      | Killed Menkaure
  3528 | D:7      | Found a burning altar of Makhleb.
  3627 | D:7      | Found an ancient bone altar of Kikubaaqudgha.
  3773 | D:7      | Found a runed translucent door.
  3801 | D:7      | Reached * piety under Vehumet
  3801 | D:7      | Offered knowledge of Freeze by Vehumet.
  3813 | D:7      | Reached skill level 12 in Spellcasting
  4028 | D:7      | Glimpsed the power of Zot.
  4088 | D:8      | Found a sparkling altar of Nemelex Xobeh.
  4329 | D:8      | Noticed a two-headed ogre
  4341 | D:8      | Killed a two-headed ogre
  4355 | D:8      | Reached skill level 13 in Spellcasting
  4574 | D:8      | Paralysed by a hornet for 1 turns
  4608 | D:8      | Glimpsed the power of Zot.
  4633 | D:8      | Reached XP level 11. HP: 64/80 MP: 24/29
  4654 | D:8      | Glimpsed the power of Zot.
  4694 | D:8      | Glimpsed the power of Zot.
  4780 | D:9      | Learned a level 5 spell: Lee's Rapid Deconstruction
  4785 | D:9      | Reached ** piety under Vehumet
  4785 | D:9      | Offered knowledge of Static Discharge by Vehumet.
  4808 | D:9      | Found a staircase to the Lair.
  4842 | D:9      | Found a hide-covered altar of Uskayaw.
  4899 | D:9      | Reached skill level 14 in Spellcasting
  4964 | D:9      | Found an iron altar of Okawaru.
  4990 | D:9      | Offered knowledge of Momentum Strike by Vehumet.
  5000 | D:9      | Found a broken altar of Ashenzari.
  5174 | D:9      | Glimpsed the power of Zot.
  5195 | D:10     | Entered Level 10 of the Dungeon
  5196 | D:10     | Found a flagged portal.
  5199 | D:10     | Reached *** piety under Vehumet
  5213 | D:10     | Noticed a two-headed ogre
  5215 | D:10     | Killed a two-headed ogre
  5235 | D:10     | Offered knowledge of Frozen Ramparts by Vehumet.
  5249 | Bailey   | Entered a bailey
  5382 | Bailey   | Reached **** piety under Vehumet
  5390 | Bailey   | Reached XP level 12. HP: 34/88 MP: 8/31
  5393 | Bailey   | Reached skill level 15 in Spellcasting
  5463 | Bailey   | Identified the +9 glaive of the Crawling Thing {heavy,
                  | Int+6}
  5568 | D:10     | Offered knowledge of Flame Wave by Vehumet.
  6009 | D:10     | Glimpsed the power of Zot.
  6059 | D:10     | Glimpsed the power of Zot.
  6305 | D:11     | Noticed a two-headed ogre
  6306 | D:11     | Noticed a centaur warrior
  6308 | D:11     | Killed a two-headed ogre
  6311 | D:11     | Killed a centaur warrior
  6311 | D:11     | Noticed a catoblepas
  6312 | D:11     | Reached skill level 16 in Spellcasting
  6336 | D:11     | Reached skill level 15 in Earth Magic
  6466 | D:11     | Found a staircase to the Orcish Mines.
  6550 | Orc:1    | Entered Level 1 of the Orcish Mines
  6550 | Orc:1    | Noticed an orc knight
  6567 | D:11     | Killed an orc knight
  6624 | Orc:1    | Found a frozen archway.
  6625 | Orc:1    | Reached ***** piety under Vehumet
  6630 | Orc:1    | Offered knowledge of Olgreb's Toxic Radiance by Vehumet.
  6669 | IceCv    | Entered an ice cave
  6683 | IceCv    | Reached XP level 13. HP: 94/94 MP: 25/34
  6688 | IceCv    | Reached skill level 17 in Spellcasting
  6694 | IceCv    | Reached skill level 5 in Dodging
  6947 | IceCv    | Noticed a reaper
  6953 | IceCv    | Killed a reaper
  7173 | Orc:2    | Entered Level 2 of the Orcish Mines
  7173 | Orc:2    | Noticed Saint Roka
  7231 | Orc:2    | Found a staircase to the Elven Halls.
  7293 | Orc:2    | Found Eshroggy's Weapon Shoppe.
  7295 | Orc:2    | Noticed a two-headed ogre
  7296 | Orc:2    | Noticed a two-headed ogre
  7297 | Orc:2    | Noticed a two-headed ogre
  7298 | Orc:2    | Killed a two-headed ogre
  7298 | Orc:2    | Noticed a two-headed ogre
  7301 | Orc:2    | Offered knowledge of Iron Shot by Vehumet.
  7302 | Orc:2    | Reached skill level 18 in Spellcasting
  7302 | Orc:2    | Killed a two-headed ogre
  7302 | Orc:2    | Killed a two-headed ogre
  7303 | Orc:2    | Noticed an ogre mage
  7303 | Orc:2    | Noticed a two-headed ogre
  7304 | Orc:2    | Noticed a two-headed ogre
  7319 | Orc:2    | Killed a two-headed ogre
  7320 | Orc:2    | Killed a two-headed ogre
  7323 | Orc:2    | Killed a two-headed ogre
  7324 | Orc:2    | Reached XP level 14. HP: 25/102 MP: 17/37
  7387 | Orc:1    | Learned a level 6 spell: Iron Shot
  7484 | Orc:2    | Found Buskecu's Antique Weapon Emporium.
  7496 | Orc:2    | HP: 1/102 [troll (10)]
  7496 | Orc:2    | Slain by a troll

Illustrated notes

Levels and vault maps discovered:
D:1:      scummos_arrival_hexagon, layout_basic
D:2:      minmay_angry_zag, layout_basic, basic_altar, kennysheep_potato
D:3:      layout_loops_ring, chequers_serial_rivers_micro_d,
          kennysheep_generic_room_5
D:4:      layout_loops_cross, gammafunk_ghost_necromancy
D:5:      layout_loops_ring, kennysheep_crisscross, hellmonk_no_cap
D:6:      layout_rooms, old_standard_altar, minmay_temple_entry_ruins,
          ebering_ghost_disaster_area, hex_large,
          minmay_fractal_squares_gapless_5, uniq_duvessa
D:7:      layout_basic, lemuel_tele_altar, nicolae_kikubaaqudgha_miasma_corner,
          grunt_ministairs_12, lightli_church_of_beogh, uniq_menkaure
D:8:      layout_loops_ring, mainiacjoe_overflow_alcove_2, kennysheep_dice
D:9:      layout_loops_ring, mainiacjoe_overflow_concentric_impassable,
          overflow_temple_1_default, okawaru_altar_gauntlet_db,
          erik_lair_orcish_takeover, ebering_dispersal_statue_hall
D:10:     layout_irregular_city, serial_column_ruins, column_ruins_pillar_3,
          column_ruins_pillar_1, column_ruins_pillar_4, column_ruins_pillar_2,
          column_ruins_pillar_3, column_ruins_pillar_4, column_ruins_pillar_2,
          column_ruins_pillar_3, column_ruins_pillar_8, column_ruins_pillar_1,
          column_ruins_pillar_4, column_ruins_pillar_4, column_ruins_pillar_4,
          column_ruins_pillar_2, column_ruins_pillar_2, column_ruins_pillar_3,
          column_ruins_pillar_1, enter_bailey_5
D:11:     minmay_slanted_spiral_squares, layout_loops_corners, david_orc_4
Temple:   hellmonk_temple_divided_pantheon
Orc:1:    layout_caves, portal_ice_cave_entry_ice_simulacra, mines1_david
Orc:2:    st_orc_open, layout_caves, basic_altar, guppyfry_library_mini,
          uniq_erolcha, uniq_saint_roka

Skill      XL: |  1  2  3  4  5  6  7  8  9 10 11 12 13 |
---------------+----------------------------------------+-----
Spellcasting   | 3 4 5 6 7 9 11 13 14 16 18 | 18.8
Earth Magic    | 4 5 6 7 8 10 11 14 15 17 | 17.5
Fighting       | 1 2 3 |  3.3
Dodging        | 3 4 5 |  5.6
Short Blades   | |  0.1
Polearms       | |  0.8
Stealth        | |  1.4
Conjurations   | |  0.8
Transmutations | |  1.2
Evocations     | |  0.5

Action                     |  1- 3 |  4- 6 |  7- 9 | 10-12 | 13-15 || total
---------------------------+-------+-------+-------+-------+-------++-------
  Melee: Short sword       |    15 |       |       |       |       ||    15
         Glaive            |       |       |       |     2 |       ||     2
   Cast: Sandblast         |    37 |    52 |    78 |   265 |    79 ||   511
         Petrify           |       |       |       |     2 |       ||     2
         Passwall          |       |       |       |     1 |       ||     1
         Lee's Rapid Decon |       |       |       |    58 |    49 ||   107
         Stone Arrow       |       |       |       |     5 |       ||     5
         Iron Shot         |       |       |       |       |     8 ||     8
  Evoke: Wand              |       |       |     2 |     3 |       ||     5
    Use: Scroll            |       |       |       |    20 |     3 ||    23
         Potion            |       |       |       |     2 |     2 ||     4
 Armour: Robe              |     4 |       |     9 |     4 |       ||    17
         Steam dragon scal |       |       |       |    44 |    37 ||    81
  Dodge: Dodged            |    14 |     6 |    18 |   110 |    81 ||   229
